 Dungeon Crawl Stone Soup version 0.29-a0-1009-g60c99734e7 (webtiles) character file.

Game seed: 17454498820003639774

3 gelatine the Chiller (level 1, -2/13 HPs)
             Began as a Demonspawn Ice Elementalist on Aug 9, 2022.
             Slain by a quokka (5 damage)
             ... on level 1 of the Dungeon.
             The game lasted 00:00:21 (49 turns).

gelatine the Chiller (Demonspawn Ice Elementalist)    Turns: 49, Time: 00:00:22

Health: -2/13      AC:  2    Str:  8    XL:     1   Next: 41%
Magic:  0/3        EV: 12    Int: 16    God:
Gold:   13         SH:  0    Dex: 13    Spells: 3/4 levels left

rFire   . . .      SeeInvis .   (no weapon)
rCold   . . .      Faith    .   (no shield)
rNeg    . . .      Spirit   .   a - +0 robe
rPois   .          Reflect  .   (no helmet)
rElec   .          Harm     .   (no cloak)
rCorr   .          Rampage  .   (no gloves)
Will    .....                   (no boots)
Stlth   ++........              (no amulet)
HPRegen 0.04/turn               (no ring)
MPRegen 0.08/turn               (no ring)

@: no status effects
A: no striking features
a: no special abilities


You were on level 1 of the Dungeon.
You visited 1 branch of the dungeon, and saw 1 of its levels.

You collected 13 gold pieces.

Inventory:

Armour
 a - a +0 robe (worn)
Scrolls
 c - a scroll of torment {unknown}
 d - a scroll of vulnerability {unknown}
Potions
 b - a potion of magic


   Skills:
 + Level 1.7 Dodging
 + Level 1.7 Stealth
 + Level 2.0 Spellcasting
 + Level 3.7 Ice Magic


You had 3 spell levels left.
You knew the following spells:

 Your Spells              Type           Power      Damage    Failure   Level
a - Freeze                Ice            52%        1d7       4%          1

Your spell library contained the following spells:

 Spells                   Type           Power      Damage    Failure   Level
 Frozen Ramparts          Ice            26%        1d4       13%         3
 Ozocubu's Armour         Ice            13%        N/A       13%         3
 Hailstorm                Conj/Ice       7%         3d4       67%         4


Dungeon Overview and Level Annotations

Branches:
Dungeon (1/15)

Altars:


Message History

Welcome, gelatine the Demonspawn Ice Elementalist.
Will you prevail where others failed? Will you find the Orb of Zot?
Press ? for a list of commands and other information.
Found a scroll labelled DUFFOE PEOROU and a scroll labelled UNOMNE ACAULA.
Found a staircase leading out of the dungeon.
c - a scroll labelled UNOMNE ACAULA
d - a scroll labelled DUFFOE PEOROU You now have 13 gold pieces.
A goblin comes into view. It is wielding a +0 dagger.
The goblin shouts!
You hear a shout!
A kobold comes into view. It is wielding a +0 short sword.
The goblin misses you.
You freeze the goblin.
You kill the goblin!
Things that are here:
a +0 dagger; a goblin corpse A kobold is nearby!
The kobold shouts!
You freeze the kobold.
You kill the kobold!
A goblin and a quokka come into view.
The goblin shouts!
You see here a +0 short sword.
You freeze the goblin!
You kill the goblin!
The quokka bites you.
You freeze the quokka.
The quokka is severely wounded.
The quokka closely misses you. The quokka bites you.
The quokka attacks as you move away! The quokka closely misses you.
The quokka twitches its whiskers.
The quokka attacks as you move away! The quokka bites you.
The quokka attacks as you move away! The quokka bites you.
* * * LOW HITPOINT WARNING * * *
The quokka bites you but does no damage.
The quokka attacks as you move away! The quokka misses you.
The quokka attacks as you move away! The quokka bites you.
You die...

..#............ .
....r.)........
..#######).# .........###
.....)...##################
.#######.#....#..#.....<..#
#.#..........#.....#
#...#..#..#..#.....#..#
##......r@.............
##.#..#..#..#..#..#...
#.#..#.....#..#.....#
#####################


You could see a quokka.

Vanquished Creatures
  2 goblins (D:1)
  A kobold (D:1)
3 creatures vanquished.

Notes
Turn   | Place    | Note
-------+----------+-------------------------------------------
     0 | D:1      | gelatine the Demonspawn Ice Elementalist began the quest
                  | for the Orb.
     0 | D:1      | Reached XP level 1. HP: 13/13 MP: 3/3
    49 | D:1      | Slain by a quokka

Illustrated notes

Levels and vault maps discovered:
D:1:      dpeg_arrival_ternary, layout_loops_ring, serial_shops,
          nicolae_shop_overgrown_old_shop, minmay_crystal_room, nicolae_titane

Action                   || total
-------------------------++-------
 Cast: Freeze            ||     4
Armor: Robe              ||     1
Dodge: Dodged            ||     4

Table legend: (Time is in decaauts)
 A = Elapsed time spent in this place.
 B = Non-inter-level travel time spent in this place.
 C = Inter-level travel time spent in this place.
 D = Time resting spent in this place.
 E = Time spent auto-exploring this place.
 F = Levels seen in this place.
 G = Mean time per level.
                   A        B        C        D        E       F      G
               +--------+--------+--------+--------+--------+-----+--------+
         Total |     49 |     49 |      0 |      0 |     21 |   1 |   49.0 |
       Dungeon |     49 |     49 |      0 |      0 |     21 |   1 |   49.0 |
               +--------+--------+--------+--------+--------+-----+--------+

Top non-repeatable levels by time:
     D:1: 49 daAuts
